 Dungeon Crawl Stone Soup version 0.27.1-3-gb3d3a73c9e (webtiles) character file.

Game seed: 16544909825189089361

134 Descartes the Firebug (level 4, -4/24 HPs)
             Began as a Deep Elf Fire Elementalist on Oct 8, 2021.
             Killed by nerve-wracking pain
             ... invoked by an orc priest
              (14 damage)
             ... on level 2 of the Dungeon.
             The game lasted 00:02:58 (2207 turns).

Descartes the Firebug (Deep Elf Fire Elementalist)  Turns: 2207, Time: 00:02:59

Health: -4/24      AC:  2    Str:  5    XL:     4   Next: 95%
Magic:  1/12       EV: 13    Int: 21    God:
Gold:   65         SH:  5    Dex: 15    Spells: 10/11 levels left

rFire    . . .     SeeInvis .   f - staff of earth
rCold    . . .     Faith    .   (no shield)
rNeg     . . .     Spirit   .   a - +0 robe
rPois    .         Reflect  +   (no helmet)
rElec    .         Harm     .   (no cloak)
rCorr    .         Rampage  .   (no gloves)
Will     .....                  (no boots)
Stlth    ++........             c - amulet of reflection
HPRegen  0.08/turn              (no ring)
MPRegen  0.13/turn              (no ring)

@: very slightly contaminated
A: no striking features
a: no special abilities


You were on level 2 of the Dungeon.
You visited 1 branch of the dungeon, and saw 3 of its levels.

You collected 65 gold pieces.

Inventory:

Missiles
 i - 16 stones
Armour
 a - a +0 robe (worn)
Magical Staves
 f - a staff of earth (weapon)
Jewellery
 c - an amulet of reflection (around neck)
Scrolls
 b - a scroll of summoning {unknown}
 d - a scroll of identify {unknown}
 j - a scroll of fear {unknown}
 k - a scroll of brand weapon {unknown}
 l - a scroll of teleportation {unknown}
Potions
 e - 2 potions of ambrosia {unknown}
 g - a potion of lignification {unknown}
 h - a potion of heal wounds {unknown}
 m - a potion of degeneration {unknown}


   Skills:
 + Level 3.4 Dodging
 + Level 3.5 Stealth
 + Level 4.0 Spellcasting
 + Level 2.3 Conjurations
 + Level 4.0 Fire Magic
 + Level 1.3 Evocations


You had 10 spell levels left.
You knew the following spells:

 Your Spells              Type           Power      Damage    Failure   Level
a - Foxfire               Conj/Fire      68%        2x1d7     3%          1

Your spell library contained the following spells:

 Spells                   Type           Power      Damage    Failure   Level
 Conjure Flame            Conj/Fire      17%        6-21      10%         3
 Inner Flame              Hex/Fire       12%        N/A       16%         3
 Sticky Flame             Conj/Fire      17%        2d4       32%         4
 Fireball                 Conj/Fire      8%         3d6       67%         5


Dungeon Overview and Level Annotations

Branches:
Dungeon (3/15)

Altars:


Message History

There is a stone staircase leading up here.
The orc priest closely misses you.
You climb upwards.
Reactivating autopickup.
There is a stone staircase leading down here.
Casting: Foxfire (safe; 3% risk of failure)
Confirm with . or Enter, or press ? or * to list all spells.
You conjure some foxfire!
The orc priest calls down the wrath of Beogh upon you.
Beogh smites you!
Casting: Foxfire (safe; 3% risk of failure)
Confirm with . or Enter, or press ? or * to list all spells.
You miscast Foxfire.
You are very lightly contaminated with residual magic.
Nothing appears to happen.
The foxfire hits the orc priest.
The orc priest is severely wounded.
The foxfire hits the orc priest.
The orc priest is severely wounded.
You block the orc priest's attack.
Casting: Foxfire (safe; 3% risk of failure)
Confirm with . or Enter, or press ? or * to list all spells.
You don't have enough magic to cast this spell.
Unknown command.
You hit the orc priest.
The orc priest is severely wounded.
The orc priest hits you with a +0 whip. The orc priest closely misses you.
You closely miss the orc priest.
The orc priest is severely wounded.
The orc priest closely misses you.
You hit the orc priest but do no damage.
The orc priest is severely wounded.
The orc priest hits you with a +0 whip.
Casting: Foxfire (safe; 3% risk of failure)
Confirm with . or Enter, or press ? or * to list all spells.
You don't have enough magic to cast this spell.
Unknown command.
The orc priest mumbles some strange prayers to Beogh against you.
Pain shoots through your body!
Ouch! That really hurt!
You die...

########## #.......^#
####### #.######.#####
#.....#
#.###........######.....#
#.......>.........'......
####....o....######.....#
#.........+..........#
#....@....#####.###### ###
#.........#####.###### #.#
#.....................
#.###.....###.#####.######
#........................#
#.###.....###......#.###.#
#.# #.###.#.<..........#.#
#.# #.....###......#.###.#
#.# #####.# #....#.#......


You could see an orc priest.

Vanquished Creatures
  A water moccasin zombie (D:3)
  An iguana (D:3)
  4 orcs (D:3)
  4 ball pythons
  6 endoplasms
  2 giant cockroaches
  5 goblins
  5 hobgoblins
  4 jackals (D:2)
  A kobold (D:1)
  3 quokkas
  2 bats (D:2)
  A frilled lizard (D:1)
  3 rats
42 creatures vanquished.

Vanquished Creatures (others)
  248 foxfires
248 creatures vanquished.

Grand Total: 290 creatures vanquished

Notes
Turn   | Place    | Note
-------+----------+-------------------------------------------
     0 | D:1      | Descartes the Deep Elf Fire Elementalist began the quest
                  | for the Orb.
     0 | D:1      | Reached XP level 1. HP: 10/10 MP: 6/6
   294 | D:1      | Reached XP level 2. HP: 15/15 MP: 0/8
  1255 | D:2      | Reached XP level 3. HP: 19/19 MP: 4/9
  2048 | D:3      | Reached skill level 1 in Evocations
  2048 | D:3      | Reached XP level 4. HP: 24/24 MP: 3/11
  2207 | D:2      | Killed from afar by an orc priest

Illustrated notes

Levels and vault maps discovered:
D:1:      sevenhm_arrival_forest_fort_small_4, layout_rooms, minmay_tromino_v2
D:2:      layout_basic
D:3:      layout_rooms

Skill      XL: |  1  2  3  4 |
---------------+-------------+-----
Stealth        | 3 |  3.5
Dodging        | 3 |  3.4
Conjurations   | 2 |  2.3
Evocations     | 1 |  1.3
Fire Magic     | 4 |  4.0
Spellcasting   | 4 |  4.0

Action                   |  1- 3 |  4- 6 || total
-------------------------+-------+-------++-------
Melee: Staff             |       |     3 ||     3
 Cast: Foxfire           |   127 |    18 ||   145
Armor: Robe              |     1 |       ||     1
Dodge: Dodged            |     6 |     4 ||    10
Block: Other             |     3 |     1 ||     4
